 Dungeon Crawl Stone Soup version 0.22-a0-596-gfbd32a6 (webtiles) character file.

220 Hebeh the Chopper (level 5, -15/47 HPs)
             Began as a Minotaur Fighter on July 5, 2018.
             Demolished by an ogre
             ... wielding a +0 giant club
              (19 damage)
             ... on level 4 of the Dungeon.
             The game lasted 00:06:30 (3087 turns).

Hebeh the Chopper (Minotaur Fighter)                Turns: 3087, Time: 00:06:31

Health: -15/47     AC: 10    Str: 21    XL:     5   Next: 64%
Magic:  4/4        EV:  7    Int:  5    God:
Gold:   173        SH:  9    Dex: 10    Spells: 4/4 levels left

rFire    . . .     SeeInvis .   a - +0 war axe
rCold    . . .     Gourm    .   c - +0 shield
rNeg     . . .     Faith    .   e - +0 scale mail
rPois    .         Spirit   .   (helmet restricted)
rElec    .         Reflect  .   x - +0 cloak
rCorr    .         Harm     .   y - +0 pair of gloves
MR       .....                  o - +0 pair of boots
Stlth    ..........             (no amulet)
HPRegen  0.15/turn              (no ring)
MPRegen  0.09/turn              (no ring)

@: no status effects
A: retaliatory headbutt, horns 2
a: no special abilities


You were on level 4 of the Dungeon.
You were not hungry.

You visited 1 branch of the dungeon, and saw 4 of its levels.

You collected 173 gold pieces.

Inventory:

Hand Weapons
 a - a +0 war axe (weapon)
 b - a +0 hunting sling
Missiles
 l - 108 stones (quivered)
Armour
 c - a +0 shield (worn)
 e - a +0 scale mail (worn)
 o - a +0 pair of boots (worn)
 x - a +0 cloak (worn)
 y - a +0 pair of gloves (worn)
Jewellery
 w - an uncursed ring of see invisible {unknown}
Scrolls
 h - a scroll of remove curse {unknown}
 i - a scroll of magic mapping {unknown}
 j - 3 scrolls of identify {unknown}
 k - a scroll of random uselessness {unknown}
 n - a scroll of amnesia {unknown}
 v - a scroll of teleportation {unknown}
Potions
 d - a potion of might
 g - 3 potions of invisibility {unknown}
 m - 2 potions of curing {unknown}
 p - 2 potions of lignification {unknown}
 q - a potion of flight {unknown}
 r - a potion of heal wounds {unknown}
 s - 2 potions of haste {unknown}
 t - a potion of cancellation {unknown}
 u - a potion of resistance {unknown}
Comestibles
 f - 4 rations
 z - a chunk of flesh


   Skills:
 + Level 4.7 Fighting
 * Level 4.9 Axes
 + Level 4.7 Armour
 + Level 4.7 Shields


You had 4 spell levels left.
You didn't know any spells.
Your spell library contained the following spells:

 Spells                   Type           Power        Failure   Level  Hunger
 Confuse                  Hex            #.......     100%        3    ####...
 Confusing Touch          Hex            #.....       99%         1    ##.....
 Metabolic Englaciation   Hex/Ice        #.........   100%        5    ######.
 Petrify                  Tmut/Erth      #.......     100%        4    #####..
 Gell's Gravitas          Tloc           #.........   100%        3    ####...
 Yara's Violent Unravell  Hex/Tmut       #.........   100%        5    ######.


Dungeon Overview and Level Annotations

Branches:
Dungeon (4/15)
 Temple: D:4-7

Altars:
Qazlal
Wu Jian
Xom


Innate Abilities, Weirdness & Mutations

You reflexively headbutt those who attack you in melee.
You have a pair of horns on your head.


Message History

The ogre shouts!
The ogre hits you with a giant club!!
Ouch! That really hurt!
There is an open door, spattered with blood here.
You are too injured to fight recklessly!
You are too injured to fight recklessly!
You are too injured to fight recklessly!
You are too injured to fight recklessly!
You are too injured to fight recklessly!
You are too injured to fight recklessly!
You closely miss the ogre. The ogre hits you with a giant club!!
* * * LOW HITPOINT WARNING * * *
The ogre completely misses you.
There is an open door here.
You block the ogre's attack.
You open the door. You block the ogre's attack.
There is an open door here.
There is a stone staircase leading up here.
The ogre hits you with a giant club!!
You die...

#......#....
###########.#####....
.....##..##.#........
............'....#
..#.........#....#
..######+####....#
.............#+#.#####
.............#..)....#
.............'.O@....#
.............####)...#
###'########.........#
#........#...()#####
#........+.....#
##'#####+#.....#
#.........>.....#
#...............#
#...............#


You could see an ogre.

Vanquished Creatures
  An orc priest (D:3)
  An iguana (D:3)
  2 orc wizards
  Terence (D:2)
  An adder (D:2)
  2 worms
  7 leopard geckos (D:1)
  6 orcs
  A ball python (D:1)
  6 bats
  4 giant cockroaches
  5 goblins
  A hobgoblin (D:3)
  6 jackals
  A quokka (D:3)
  6 frilled lizards
  8 kobolds
  A quokka skeleton (D:4)
  6 rats
66 creatures vanquished.

Notes
Turn   | Place    | Note
-------+----------+-------------------------------------------
     0 | D:1      | Hebeh the Minotaur Fighter began the quest for the Orb.
     0 | D:1      | Reached XP level 1. HP: 19/19 MP: 0/0
   124 | D:1      | Reached XP level 2. HP: 27/27 MP: 1/1
   472 | D:1      | Reached XP level 3. HP: 33/33 MP: 2/2
   850 | D:1      | Found a shimmering altar of Xom.
  1381 | D:2      | Noticed Terence
  1388 | D:2      | Killed Terence
  1388 | D:2      | Reached XP level 4. HP: 31/40 MP: 3/3
  1495 | D:2      | Found a stormy altar of Qazlal.
  1679 | D:2      | Found an ornate altar of the Wu Jian Council.
  1982 | D:3      | Reached XP level 5. HP: 15/47 MP: 4/4
  3064 | D:4      | Noticed an ogre
  3067 | D:4      | HP: 1/47 [ogre/giant club (19)]
  3087 | D:4      | Demolished by an ogre

Vault maps used:
D:1:      dpeg_arrival_water_altar, minmay_pentomino_u4
D:2:      lemuel_coloured_pillars_altar, grunt_qazlal_sundering,
          minmay_gold_behind_fungi, uniq_terence
D:3:      kennysheep_nondescript
D:4:      tgw_xom

Skill      XL: |  1  2  3  4 |
---------------+-------------+-----
Axes           | 3 4 |  4.9
Fighting       | 4 |  4.7
Armour         | 4 |  4.7
Shields        | 4 |  4.7

Action                   |  1- 3 |  4- 6 || total
-------------------------+-------+-------++-------
Melee: War axe           |   127 |    73 ||   200
       Headbutt          |    13 |    10 ||    23
  Eat: Chunk             |     2 |     3 ||     5
       Ration            |       |     1 ||     1
Armor: Scale mail        |    69 |    33 ||   102
Dodge: Dodged            |    34 |    17 ||    51
Block: Shield            |    70 |    37 ||   107

Table legend:
 A = Spawn XP
 B = Non-spawn XP
 C = Spawn XP percentage of total XP
 D = Spawn monster count
 E = Non-spawn monster count
 F = Spawn count percentage of total count
 G = Total turns spent on level
                    A         B        C        D         E        F      G
               +---------+---------+-------+---------+---------+-------+---------
         Total |       0 |     315 |   0.0 |       0 |      66 |   0.0 |  3087
               +---------+---------+-------+---------+---------+-------+---------
           D:1 |       0 |      56 |   0.0 |       0 |      32 |   0.0 |   983
           D:2 |       0 |      63 |   0.0 |       0 |      10 |   0.0 |   748
           D:3 |       0 |     151 |   0.0 |       0 |      19 |   0.0 |  1260
           D:4 |       0 |      45 |   0.0 |       0 |       5 |   0.0 |    96
               +---------+---------+-------+---------+---------+-------+---------
